Cogmind - Beta 16 @@@ ROGUE MODE // 2025.11.03 @ 01:29:27 Player: Bish Result: Destroyed by B-86 Titan with Railgun Performance ------------- Evolutions (7) 3500 Regions Visited (17) 3400 Robots Destroyed (163) 815 Value Destroyed (6602) 6602 Prototype IDs (30) 600 Alien Tech Used (0) 0 Bonus (2066) 2066 TOTAL SCORE: 16983 Bonus ------- Registered with UFD 300 Met Optimus in HQ 500 Met Data Miner 300 Met Warlord at Base 500 MAIN.C Attacked Warlord 500 Warlord Defense Kills 626 Friendly Fire -660 Cogmind --------- Core Integrity 0/1300 Matter 216/300 Energy 99/100 System Corruption 0% Temperature Cool (9) Movement Core (50) Location -3/Research Parts ------- > --- POWER (2) -------- (None) > --- PROPULSION (6) --- (None) > --- UTILITY (9) ------ Advanced Signal Interpreter Hacking Suite > --- WEAPON (4) ------- (None) > --- INVENTORY (5) ---- Experimental Matter Compressor (0) High-powered Shotgun Heavy Machine Gun Smartbomb Launcher Peak State ------------ > --- POWER ------------ Vortex Chain Reactor > --- PROPULSION ------- Flexi-carbon Leg Flexi-carbon Leg Flexi-carbon Leg Myomer Leg Enhanced Biometal Leg Enhanced Biometal Leg > --- UTILITY ---------- High-capacity Storage Unit Experimental Sensor Array Advanced Signal Interpreter Improved Melee Analysis Suite Core Analyzer Improved Actuator Array Force Booster System Mapper Improved System Shield > --- WEAPON ----------- Heavy Plasma Cannon Vortex Cannon Vortex Cannon Makeshift Axe > --- INVENTORY -------- Antimatter Reactor Antimatter Reactor Particle Reactor Flexi-carbon Leg Experimental Matter Compressor Thermal Barrier Hacking Suite [Rating: 135] Favorites ----------- Power Angular Momentum Engine Engine Angular Momentum Engine Power Core Micro Fission Core Reactor Antimatter Reactor Propulsion Flexi-carbon Leg Leg Flexi-carbon Leg Flight Unit Xenon Bombardment Thruster Utility Advanced Melee Analysis Suite Device Experimental Sensor Array Storage High-capacity Storage Unit Processor Advanced Melee Analysis Suite Hackware System Mapper Protection Hardened Medium Armor Plating Weapon Companion Sword Energy Gun Small Laser Energy Cannon Heavy Plasma Cannon Ballistic Gun Coil Gun Ballistic Cannon Advanced Assault Cannon Launcher Long-range Missile Launcher Special Weapon Improved Plasma Cutter Impact Weapon Shock Maul Slashing Weapon Companion Sword Build | -11 -10 -10 -9 -6 -6 -6 -6 -6 -6 -5 -5 -4 -4 -4 -4 -3 -3 ------- Run | Yrd Mat Sub Scr Fac Was Fac Low Low Dat Pro Fac Fac Upp Upp War Pro Res Slots Evolved 14 | . . . . 8 . . . . . . 2 2 . . . . 2 Power 1 | . . . . 1 . . . . . . . . . . . . . Propulsion 4 | . . . . 3 . . . . . . . 1 . . . . . Utility 7 | . . . . 3 . . . . . . 2 1 . . . . 1 Weapon 2 | . . . . 1 . . . . . . . . . . . . 1 Parts Attached 171 | 1 9 9 9 21 . 8 3 1 . 12 18 34 3 . 11 3 29 Power 28 | . 1 3 1 1 . 4 1 . . 5 2 6 . . 1 . 3 Engine 11 | . 1 3 1 1 . 3 . . . 1 1 . . . . . . Core 8 | . . . . . . 1 1 . . 4 1 1 . . . . . Reactor 9 | . . . . . . . . . . . . 5 . . 1 . 3 Propulsion 48 | . 2 2 2 6 . . 2 . . 3 3 14 2 . 2 1 9 Treads . | . . . . . . . . . . . . . . . . . . Leg 41 | . 2 2 2 6 . . 2 . . 3 3 14 2 . 2 1 2 Wheel . | . . . . . . . . . . . . . . . . . . Hover . | . . . . . . . . . . . . . . . . . . Flight 7 | . . . . . . . . . . . . . . . . . 7 Utility 63 | 1 1 1 2 9 . 3 . 1 . 3 11 13 1 . 7 2 8 Device 25 | 1 . . . 5 . 1 . . . 1 6 6 . . 2 1 2 Storage 5 | . 1 . 1 1 . . . . . . . . 1 . 1 . . Processor 13 | . . . 1 1 . 1 . . . 1 1 3 . . 1 1 3 Hackware 5 | . . . . . . . . . . . 1 1 . . . . 3 Protection 15 | . . 1 . 2 . 1 . 1 . 1 3 3 . . 3 . . Artifact . | . . . . . . . . . . . . . . . . . . Weapon 32 | . 5 3 4 5 . 1 . . . 1 2 1 . . 1 . 9 Energy Gun 6 | . 4 1 . . . . . . . . . . . . . . 1 Energy Cannon 3 | . . . . . . . . . . . 1 . . . 1 . 1 Ballistic Gun 8 | . . 2 2 1 . . . . . . . . . . . . 3 Ballistic Cannon 3 | . 1 . 1 . . . . . . . . . . . . . 1 Launcher 2 | . . . . . . 1 . . . 1 . . . . . . . Special Weapon 2 | . . . . . . . . . . . . . . . . . 2 Impact Weapon 5 | . . . . 4 . . . . . . . 1 . . . . . Slashing Weapon 3 | . . . 1 . . . . . . . 1 . . . . . 1 Piercing Weapon . | . . . . . . . . . . . . . . . . . . Special Melee Weapon . | . . . . . . . . . . . . . . . . . . Unidentified Prototypes 13 | . . . 1 2 . 1 . . . . 1 1 . . 6 . 1 Corrupted Parts 4 | . . . . . . . 1 . . 1 1 . . . . 1 . System Corruption 20 | . . . . . . . 6 . . 4 3 . . . . 7 . Parts Lost 67 | . . 6 . . . . 2 1 . 8 1 8 3 . 7 3 28 Power 8 | . . 1 . . . . 1 . . 3 . 1 . . . . 2 Propulsion 28 | . . 2 . . . . 1 . . 1 . 4 3 . 2 1 14 Utility 21 | . . 1 . . . . . 1 . 4 1 2 . . 4 1 7 Weapon 10 | . . 2 . . . . . . . . . 1 . . 1 1 5 Highest Loss Streak 17 | . . 6 . . . . 2 1 . 5 1 3 3 . 7 3 17 To Critical Strikes 1 | . . . . . . . . . . . . . . . . . 1 Average Backups 14 | 2 7 8 9 15 18 18 17 17 17 15 17 17 14 15 18 13 6 Power . | 1 1 . . . . . . 1 1 . 1 . . 1 1 2 1 Propulsion 3 | . 1 2 2 1 3 3 5 6 6 5 4 4 2 2 2 2 . Utility 7 | . 1 3 4 9 11 10 9 8 8 7 8 9 8 9 9 5 2 Weapon 3 | 1 2 1 3 5 4 3 2 2 2 2 2 2 2 3 4 3 1 Tool/Special . | . . . . . . . . . . . . . . . . . . Unused Backups 60 | 10 7 . 8 7 . 6 . . . . 6 7 . . 7 . 2 Power 5 | 1 1 . . . . . . . . . . 2 . . 1 . . Propulsion 15 | 6 2 . 3 . . 1 . . . . 1 1 . . 1 . . Utility 25 | 1 1 . 4 4 . 3 . . . . 5 4 . . 3 . . Weapon 15 | 2 3 . 1 3 . 2 . . . . . . . . 2 . 2 Tool/Special . | . . . . . . . . . . . . . . . . . . Average Slot Usage (%) 88 | . 100 88 91 92 86 85 85 86 86 84 85 90 89 89 86 82 74 Engine 7 | . 14 14 14 12 13 11 10 6 6 1 2 2 . . . . . Core 1 | . . . . . . 1 2 6 6 9 8 1 . . . . . Reactor 2 | . . . . . . . . . . . . 6 10 10 7 5 4 Leg 26 | . 28 27 28 26 20 20 19 20 20 20 23 28 30 31 31 31 16 Device 8 | . 14 1 . 12 13 13 13 13 13 3 11 9 10 10 8 14 11 Storage 8 | . 14 14 14 6 6 6 6 6 6 6 5 5 5 5 6 5 2 Processor 9 | . . . 6 6 6 6 6 6 6 12 11 14 21 21 16 14 15 Protection 4 | . . 2 . 5 6 5 6 6 6 8 5 9 5 5 8 4 . Energy Gun 1 | . 9 23 1 . . . . . . . . . . . . . . Ballistic Gun 4 | . 13 2 14 3 . . . . . . . . . . . . 1 Ballistic Cannon 1 | . 5 2 5 . . . . . . . . . . . . . . Impact Weapon 3 | . . . . 9 13 12 13 13 13 12 4 2 . . . . . Slashing Weapon 5 | . . . 5 6 6 6 6 6 6 6 8 7 5 5 4 4 2 Peak Build Rating 135 | 7 8 9 29 82 82 88 88 85 83 83 103 111 104 104 127 123 135 Average Rating 70 | 6 7 8 21 70 82 83 84 83 83 79 96 104 102 104 112 110 97 On Entrance 69 | 6 7 8 9 29 82 82 78 85 83 83 80 96 107 104 104 110 100 Avg Prop Armor Cover (%) 8 | . . . . . . . . . . . . . . . . . 8 Naked Turns . | . . . . . . . . . . . . . . . . . . Heaviest Build 128 | 14 21 22 43 89 89 89 85 85 82 85 97 116 93 93 128 99 128 Greatest Support 153 | 20 20 20 40 95 92 92 92 92 92 92 96 120 130 130 150 150 153 Greatest Overweight (x) 3 | . 1 1 1 . . . . . . 1 1 . . . . . 3 Average Overweight (x) . | . . . . . . . . . . . . . . . . . . Largest Inventory Capacity 20 | 8 10 10 15 20 20 20 20 20 20 20 20 20 20 20 20 20 20 Average Capacity 16 | 8 9 10 10 17 20 20 20 20 20 20 20 20 20 20 20 20 13 Most Carried 20 | 5 10 10 15 20 20 20 20 20 19 20 20 20 16 17 20 14 11 Average Carried 15 | 2 7 8 10 17 20 19 19 19 19 16 19 18 15 16 18 13 6 Final Capacity 20 | 8 10 10 15 20 20 20 20 20 20 20 20 20 20 20 20 20 5 Final Carried 20 | 3 10 10 15 20 20 20 20 19 19 20 20 14 16 17 15 12 5 Class Distribution -------------------- 29% | Gladiator 25% | Mutant 19% | Scavenger-Mutant 11% | Scavenger-Gladiator 5% | Derelict-Mutant 4% | Commander-Mutant Dominant Class ---------------- Mutant | -10/Materials Scavenger-Mutant | -10/Subcaves Mutant | -9/Scraptown Derelict-Mutant | -6/Factory Gladiator | -6/Waste Gladiator | -6/Factory Gladiator | -6/Lower Caves Gladiator | -6/Lower Caves Gladiator | -6/Data Miner Scavenger-Gladiator | -5/Proximity Caves Gladiator | -5/Factory Scavenger-Gladiator | -4/Factory Scavenger-Mutant | -4/Upper Caves Scavenger-Mutant | -4/Upper Caves Scavenger-Mutant | -4/Warlord Scavenger-Mutant | -3/Proximity Caves Hacker-Mutant | -3/Research Resources | -11 -10 -10 -9 -6 -6 -6 -6 -6 -6 -5 -5 -4 -4 -4 -4 -3 -3 ----------- Run | Yrd Mat Sub Scr Fac Was Fac Low Low Dat Pro Fac Fac Upp Upp War Pro Res Matter Collected 3291 | 227 334 101 250 457 . 185 80 25 . 255 328 495 59 23 117 148 207 Remotely . | . . . . . . . . . . . . . . . . . . Salvage Created 8930 | 109 558 83 . 826 . 1001 159 . . 770 1041 3221 596 59 111 146 250 Parts 412 | 6 48 4 . 33 . 40 6 . . 30 55 144 22 . 6 2 16 Haulers Intercepted 8 | . 2 . . 2 . 2 . . . . . 2 . . . . . Recyclers Shooed 3 | 1 . . . 1 . . . . . . . . . . . . 1 Parts Field Recycled . | . . . . . . . . . . . . . . . . . . Retrieved Matter . | . . . . . . . . . . . . . . . . . . Parts Self-Destructed 39 | . . . . . . . . . . 22 . . 16 . . 1 . Prevented 8 | . . . . . . . 6 . . 2 . . . . . . . Parts Restored . | . . . . . . . . . . . . . . . . . . Kills | -11 -10 -10 -9 -6 -6 -6 -6 -6 -6 -5 -5 -4 -4 -4 -4 -3 -3 ------- Run | Yrd Mat Sub Scr Fac Was Fac Low Low Dat Pro Fac Fac Upp Upp War Pro Res Combat Hostiles Destroyed 127 | . 17 2 . 9 . 10 3 . . 9 20 40 4 . 6 . 7 Melee 81 | . . . . 7 . 9 . . . 4 19 35 4 . . . 3 Guns 16 | . 11 2 . . . . . . . . . . . . . . 3 Cannons 7 | . 6 . . . . . . . . . . . . . . . 1 AOE 16 | . . . . . . . . . . 5 . 5 . . 6 . . Classes Destroyed 22 | 2 6 1 . 4 . 1 . . . 3 1 2 . . 1 . 1 Worker 5 | . . . . . . 1 . . . . . 3 . . . . 1 Builder 3 | . 1 . . . . 1 . . . . . 1 . . . . . Tunneler 3 | 2 . . . 1 . . . . . . . . . . . . . Hauler 8 | . 2 . . 2 . 2 . . . . . 2 . . . . . Recycler 8 | 1 . . . . . 2 . . . . . 5 . . . . . Minesweeper 1 | . . . . . . . . . . 1 . . . . . . . Mechanic 1 | . . . . 1 . . . . . . . . . . . . . Operator 1 | . 1 . . . . . . . . . . . . . . . . Watcher 3 | . 1 . . . . 1 . . . . 1 . . . . . . Swarmer 39 | . 9 . . . . 3 . . . 8 6 9 . . . . 4 Cutter 1 | . . . . . . . . . . . . . . . . . 1 Saboteur 2 | . . . . . . . . . . . . . . . 2 . . Grunt 39 | . 8 . . . . 5 . . . . 3 18 4 . 1 . . Brawler 2 | . . . . . . . . . . . . 1 . . 1 . . Duelist 2 | . . . . . . . . . . . 1 1 . . . . . Sentry 13 | . . . . 3 . 1 1 . . 1 4 3 . . . . . Hunter 13 | . . . . 4 . . 2 . . . 3 2 . . . . 2 Programmer 13 | . . . . 2 . 1 . . . . 3 5 . . 2 . . Heavy 1 | . . . . . . . . . . . . 1 . . . . . Subdweller 2 | . . 2 . . . . . . . . . . . . . . . Ranger 3 | . . . . . . . . . . 3 . . . . . . . Samaritan 6 | . . . . . . . . . . 3 . . 2 1 . . . Best Kill Streak 9 | 2 5 1 . 2 . 4 2 . . 7 6 9 2 . 6 . 6 Combat Bots Only 7 | . 3 1 . 1 . 3 2 . . 7 6 5 2 . 6 . 6 Max Kills in Single Turn 5 | 1 2 1 . 1 . 1 1 . . 4 2 5 1 1 3 . 1 Gunslinging . | . . . . . . . . . . . . . . . . . . Exploded 5 | . . . . . . . . . . 4 . 5 . . 3 . . Melee 2 | . . . . 1 . 1 . . . 1 2 2 1 . . . 1 Uniques/NPCs Destroyed . | . . . . . . . . . . . . . . . . . . Combat | -11 -10 -10 -9 -6 -6 -6 -6 -6 -6 -5 -5 -4 -4 -4 -4 -3 -3 -------- Run | Yrd Mat Sub Scr Fac Was Fac Low Low Dat Pro Fac Fac Upp Upp War Pro Res Hostile Shots Fired 1306 | . 73 32 . 140 1 77 64 . . 67 140 293 65 . 138 15 201 Missed 437 | . 18 8 . 48 1 25 22 . . 19 40 126 17 . 58 3 52 Deflected 15 | . . . . . . 1 . . . . 10 4 . . . . . Hits 869 | . 55 24 . 92 . 52 42 . . 48 100 167 48 . 80 12 149 Melee 56 | . . . . . . . . . . . 3 1 . . 15 . 37 Projectile 813 | . 55 24 . 92 . 52 42 . . 48 97 166 48 . 65 12 112 AOE 9 | . . . . 1 . . . . . . 1 3 . . 3 . 1 Critical Strikes 46 | . . . . 2 . 1 . . . 1 2 11 5 . 6 1 17 Damage Taken 14981 | . 549 491 . 739 . 423 627 69 . 830 1492 3325 672 . 2029 330 3405 Core 2930 | . 84 86 . 68 . 55 109 14 . 215 180 260 227 . 206 104 1322 Absorbed by Shields 2389 | . . . . 545 . 317 . . . 70 318 518 266 . 355 . . Ignored by Resistances 174 | . . . . . . . . . . . . . . . 174 . . Regen/Repaired (Parts) 784 | . . . . . . 206 . . . . . 140 178 72 188 . . Core Remaining (%) 57 | 100 . . 32 . . . . . . 45 82 . . . . 30 . Volleys Fired 153 | 5 74 11 . . . . . . . 2 14 1 . . 7 . 39 Largest 2 | 2 2 2 . . . . . . . 1 1 1 . . 1 . 2 Hottest 140 | 40 80 80 . . . . . . . 43 90 43 . . 90 . 140 Shots Fired 234 | 10 134 20 . . . . . . . 2 13 1 . . 7 . 47 Gun 135 | 10 88 20 . . . . . . . . . . . . . . 17 Cannon 86 | . 46 . . . . . . . . . 13 . . . 2 . 25 Launcher 8 | . . . . . . . . . . 2 . 1 . . 5 . . Special 5 | . . . . . . . . . . . . . . . . . 5 Kinetic 117 | 10 89 9 . . . . . . . . . . . . . . 9 Thermal 99 | . 45 11 . . . . . . . . 13 . . . 1 . 29 Explosive 8 | . . . . . . . . . . 2 . 1 . . 5 . . Electromagnetic . | . . . . . . . . . . . . . . . . . . Entropic 10 | . . . . . . . . . . . . . . . 1 . 9 Robot Hit Streak 11 | 9 10 10 . . . . . . . 11 . . . . 3 . 9 Robot Miss Streak 5 | . 4 1 . . . . . . . . . 1 . . 4 . 5 Penetration Max . | . . . . . . . . . . . . . . . . . . Secondary Targets 3 | . 3 . . . . . . . . . . . . . . . . Max Gunslinging Chain 1 | . 1 . . . . . . . . . . . . . . . . Shots Hit Robots 441 | 9 60 18 . 32 . 44 11 . . 28 49 136 23 1 3 2 25 Core Hits 232 | 4 30 5 . 12 . 17 1 . . 15 23 71 10 . 33 1 10 Critical Kills 3 | 1 . . . . . . . . . . 1 1 . . . . . Critical Parts Destroyed 17 | . . . . 4 . 2 4 . . 2 3 2 . . . . . Critical Strikes 43 | 1 1 . . 4 . 4 6 . . 2 8 14 . . 1 . 2 Burn 1 | . 1 . . . . . . . . . . . . . . . . Destroy 1 | 1 . . . . . . . . . . . . . . . . . Smash 19 | . . . . 4 . 2 4 . . 2 4 3 . . . . . Sever 15 | . . . . . . . . . . . 4 11 . . . . . Sunder 3 | . . . . . . . . . . . . . . . 1 . 2 Melee Attacks 482 | . . . . 60 . 75 18 4 . 34 86 158 27 3 1 5 11 Impact 93 | . . . . 26 . 18 10 2 . 9 15 13 . . . . . Slashing 389 | . . . . 34 . 57 8 2 . 25 71 145 27 3 1 5 11 Piercing . | . . . . . . . . . . . . . . . . . . Sneak Attacks 36 | . . . . 6 . 5 . . . 9 . 13 2 1 . . . Combat Hostiles 2 | . . . . . . . . . . 1 . 1 . . . . . Follow-up Attacks 56 | . . . . 9 . 12 3 . . 6 8 18 . . . . . Martial Strikes 27 | . . . . . . 2 . . . . 9 16 . . . . . Damage Inflicted 21656 | 89 808 236 . 1763 . 2192 503 . . 2161 2360 7104 1242 78 1803 204 1113 Guns 1130 | 89 507 236 . . . . . . . . . . . . . . 298 Cannons 961 | . 296 . . . . . . . . . . . . . 70 . 595 Explosions 2516 | . . . . . . . . . . 432 . 374 . . 1710 . . Melee 17021 | . . . . 1763 . 2192 503 . . 1729 2360 6730 1242 78 . 204 220 Ramming 28 | . 5 . . . . . . . . . . . . . 23 . . Kinetic 970 | 89 591 135 . . . . . . . . . . . . . . 155 Thermal 617 | . 212 101 . . . . . . . . . . . . . . 304 Explosive 2516 | . . . . . . . . . . 432 . 374 . . 1710 . . Electromagnetic . | . . . . . . . . . . . . . . . . . . Impact 2684 | . . . . 724 . 581 351 . . 288 388 352 . . . . . Slashing 14337 | . . . . 1039 . 1611 152 . . 1441 1972 6378 1242 78 . 204 220 Piercing . | . . . . . . . . . . . . . . . . . . Entropic 504 | . . . . . . . . . . . . . . . 70 . 434 Highest Corruption 20 | . . . . 3 10 10 16 16 16 20 7 8 8 8 8 9 . Average Corruption 8 | . . . . 2 9 10 13 16 16 16 5 6 8 8 6 9 . Corruption Purged . | . . . . . . . . . . . . . . . . . . Corruption Blocked . | . . . . . . . . . . . . . . . . . . Effects 181 | . . . . 7 3 32 12 5 3 24 28 29 15 8 6 9 . Message Errors 47 | . . . . 2 . 11 6 2 . 2 6 5 6 . 3 4 . Matter Fused 47 | . . . . 1 1 7 3 2 2 9 10 5 . 4 2 1 . Heat Flow Errors 21 | . . . . 3 . 5 1 . . 3 2 3 2 . . 2 . Energy Discharges 27 | . . . . 1 1 5 2 1 . 4 4 6 1 . . 2 . Parts Rejected 2 | . . . . . . . . . . . . 2 . . . . . Data Loss (minor) 24 | . . . . . . 2 . . 1 5 4 7 2 3 . . . Data Loss (major) 8 | . . . . . . 2 . . . 1 . 1 2 1 1 . . Alerts 3 | . . . . . . . . . . . 1 . 2 . . . . Misdirections 1 | . . . . . 1 . . . . . . . . . . . . Weapon Failures 1 | . . . . . . . . . . . 1 . . . . . . Overload Shots . | . . . . . . . . . . . . . . . . . . Overflow Damage 2762 | . . . . 435 . 327 201 . . 589 229 563 168 40 75 71 64 Projectiles 46 | . . . . . . 18 . . . . . . . . . . 28 Explosions 141 | . . . . . . . . . . 66 . . . . 75 . . Melee 2575 | . . . . 435 . 309 201 . . 523 229 563 168 40 . 71 36 Knockbacks 14 | . 2 . . 2 . 4 1 . . 2 2 1 . . . . . Impact 12 | . 1 . . 2 . 3 1 . . 2 2 1 . . . . . Kinetic 1 | . 1 . . . . . . . . . . . . . . . . Secondary 1 | . . . . . . 1 . . . . . . . . . . . Self-Inflicted Damage 338 | . . . . . . . . . . 97 . 23 . . 218 . . Shots 7 | . . . . . . . . . . 2 . 1 . . 4 . . Rammed . | . . . . . . . . . . . . . . . . . . Targets Rammed 2 | . 1 . . . . . . . . . . . . . 1 . . Kicked 2 | . 1 . . . . . . . . . . . . . 1 . . Crushed . | . . . . . . . . . . . . . . . . . . Highest Temperature 376 | . 138 . . 283 . 259 176 376 . 187 206 275 277 . 48 189 178 Average Temperature 82 | . 42 . . 117 . 95 94 185 . 85 99 96 109 . 20 88 57 Received Heat Transfer 1537 | . 198 126 . 42 . 104 12 . . 54 78 537 210 . 140 27 9 Siege Activations . | . . . . . . . . . . . . . . . . . . Martial Activations 16 | . . . . . . 3 . . . . 7 6 . . . . . Total Turns 397 | . . . . . . 57 . . . . 127 213 . . . . . Longest Duration 96 | . . . . . . 22 . . . . 42 96 . . . . . Shielding Activations . | . . . . . . . . . . . . . . . . . . Robots Disrupted 2 | . . . . . . . . . . . . 1 1 . . . . Combat Hostiles 2 | . . . . . . . . . . . . 1 1 . . . . Robots Corrupted 12 | . . . . 2 . 3 3 . . 1 2 1 . . . . . Combat Hostiles 7 | . . . . 2 . 1 3 . . . 1 . . . . . . Parts Fried 19 | . . . . 8 . . 3 . . 4 4 . . . . . . Impact Corruptions 34 | . . . . 9 . 5 7 . . 5 5 3 . . . . . Robots Melted . | . . . . . . . . . . . . . . . . . . Combat Hostiles . | . . . . . . . . . . . . . . . . . . Parts Melted 1 | . 1 . . . . . . . . . . . . . . . . Heat Transferred 1232 | . 548 249 . . . . . . . . . . . . . . 435 Parts Sabotaged . | . . . . . . . . . . . . . . . . . . Parts Stolen . | . . . . . . . . . . . . . . . . . . Parts Stripped . | . . . . . . . . . . . . . . . . . . Power Chain Reactions . | . . . . . . . . . . . . . . . . . . Alert | -11 -10 -10 -9 -6 -6 -6 -6 -6 -6 -5 -5 -4 -4 -4 -4 -3 -3 ------- Run | Yrd Mat Sub Scr Fac Was Fac Low Low Dat Pro Fac Fac Upp Upp War Pro Res Maximum Alert Level 2 | . 1 . . . . . . . . . 1 2 . . . . . Low Security (%) 95 | 100 97 . . 100 100 100 . . . . 93 85 . . . . 100 Level 1 4 | . 2 . . . . . . . . . 6 13 . . . . . Level 2 . | . . . . . . . . . . . . . . . . . . Level 3 . | . . . . . . . . . . . . . . . . . . Level 4 . | . . . . . . . . . . . . . . . . . . Level 5 . | . . . . . . . . . . . . . . . . . . High Security . | . . . . . . . . . . . . . . . . . . Max Security . | . . . . . . . . . . . . . . . . . . Peak Influence 409 | 10 206 . . 61 21 105 . . . . 219 409 . . . . 60 Initial 68 | . . . . . 21 . . . . . . 68 . . . . . Average 71 | 1 79 . . 15 5 43 . . . . 123 100 . . . . 10 Influence Increases 3837 | 15 475 . . 336 . 368 70 60 . 235 625 1175 100 . 180 5 193 Destroy 0b10 Robot/C 2500 | . 340 . . 180 . 200 60 . . 180 400 800 80 . 120 . 140 Destroy 0b10 Robot/NC 190 | 15 25 . . 20 . 35 . . . 15 5 55 10 . . 5 5 Destroy Leader 482 | . 66 . . 84 . 46 10 . . 10 92 134 10 . . . 30 Allied During Kill 2 | . . . . 2 . . . . . . . . . . . . . Successful Hack 164 | . 28 . . 41 . . . . . . 55 40 . . . . . Disable Machine 30 | . 15 . . . . . . . . . . 15 . . . . . Destroy Structure 124 | . 1 . . 9 . 12 . . . . 58 26 . . . . 18 Lose Combat Pursuer 345 | . . . . . . 75 . 60 . 30 15 105 . . 60 . . Influence Decreases 3837 | 15 281 194 . 275 61 329 109 50 10 235 485 910 427 78 107 78 193 Entered New Map 470 | . . 94 . . 40 . 15 . 10 . . 72 151 15 . 73 . Time Decay 2600 | 15 276 40 . 234 20 329 94 50 . 185 475 474 246 63 12 5 82 Lost Part 411 | . . 60 . . . . . . . 50 10 80 30 . 70 . 111 Lost Ally 72 | . 5 . . 41 1 . . . . . . . . . 25 . . Purge Threat 284 | . . . . . . . . . . . . 284 . . . . . Squads Dispatched 27 | . 3 . . 5 . 3 . . . . 5 6 . . . . 5 Investigation 6 | . 1 . . 2 . . . . . . 2 1 . . . . . Extermination 10 | . . . . 2 . 2 . . . . 3 2 . . . . 1 Reinforcement 10 | . 2 . . . . 1 . . . . . 3 . . . . 4 Assault . | . . . . . . . . . . . . . . . . . . Garrison 1 | . . . . 1 . . . . . . . . . . . . . Intercept . | . . . . . . . . . . . . . . . . . . Searches Triggered . | . . . . . . . . . . . . . . . . . . Construction Impeded . | . . . . . . . . . . . . . . . . . . Haulers Reinforced 2 | . . . . . . 1 . . . . . 1 . . . . . Active Scanning Responses . | . . . . . . . . . . . . . . . . . . Cargo Convoy Interrupts . | . . . . . . . . . . . . . . . . . . Stealth | -11 -10 -10 -9 -6 -6 -6 -6 -6 -6 -5 -5 -4 -4 -4 -4 -3 -3 --------- Run | Yrd Mat Sub Scr Fac Was Fac Low Low Dat Pro Fac Fac Upp Upp War Pro Res Distress Signals 5 | . 1 . . . . . . . . . . 3 . . . . 1 Communications Jammed . | . . . . . . . . . . . . . . . . . . Distress Signals . | . . . . . . . . . . . . . . . . . . Times Spotted 225 | . 27 2 . 9 5 18 5 2 . 15 32 51 5 . 38 1 15 Peak Tracking Total 26 | . 4 2 . 2 5 4 2 4 . 7 6 6 4 . 26 1 6 Tactical Retreats 17 | . . . . . . 5 . 1 . 1 1 6 . . 3 . . Traps | -11 -10 -10 -9 -6 -6 -6 -6 -6 -6 -5 -5 -4 -4 -4 -4 -3 -3 ------- Run | Yrd Mat Sub Scr Fac Was Fac Low Low Dat Pro Fac Fac Upp Upp War Pro Res Traps Triggered 9 | . 1 . . 1 . 1 . 1 . . 4 1 . . . . . Indirectly . | . . . . . . . . . . . . . . . . . . Trap Hack Attempts . | . . . . . . . . . . . . . . . . . . Triggered . | . . . . . . . . . . . . . . . . . . Disarmed . | . . . . . . . . . . . . . . . . . . Reprogrammed . | . . . . . . . . . . . . . . . . . . Reused . | . . . . . . . . . . . . . . . . . . Traps Extracted . | . . . . . . . . . . . . . . . . . . Installed . | . . . . . . . . . . . . . . . . . . Triggered . | . . . . . . . . . . . . . . . . . . Machines | -11 -10 -10 -9 -6 -6 -6 -6 -6 -6 -5 -5 -4 -4 -4 -4 -3 -3 ---------- Run | Yrd Mat Sub Scr Fac Was Fac Low Low Dat Pro Fac Fac Upp Upp War Pro Res Machines Disabled 3 | . 1 . . . . . 1 . . . . 1 . . . . . Max in Single Turn 1 | . 1 . . . . . 1 . . . . 1 . . . . . Garrison Access 3 | . . . . 1 . . . . . . . 2 . . . . . Machines Repaired . | . . . . . . . . . . . . . . . . . . Machines Dismantled . | . . . . . . . . . . . . . . . . . . Machines Sabotaged . | . . . . . . . . . . . . . . . . . . Overloaded Fab Kills . | . . . . . . . . . . . . . . . . . . Hacking | -11 -10 -10 -9 -6 -6 -6 -6 -6 -6 -5 -5 -4 -4 -4 -4 -3 -3 --------- Run | Yrd Mat Sub Scr Fac Was Fac Low Low Dat Pro Fac Fac Upp Upp War Pro Res Machines Accessed 54 | . 5 . 5 10 . 3 . . 4 . 10 12 . . 4 . 1 Terminals 21 | . 5 . . 5 . 1 . . . . 5 4 . . . . 1 Fabricators 4 | . . . . 1 . . . . . . 1 2 . . . . . Repair Stations 2 | . . . . 1 . 1 . . . . . . . . . . . Recycling Units 3 | . . . . . . . . . . . 1 2 . . . . . Scanalyzers 7 | . . . . 2 . 1 . . . . 2 2 . . . . . Garrison Access 4 | . . . . 1 . . . . . . 1 2 . . . . . Total Hacks 171 | . 16 . 25 25 . 10 . . 26 . 25 35 . . 8 . 1 Successful 108 | . 7 . 25 12 . 3 . . 26 . 9 18 . . 8 . . Failed 61 | . 9 . . 12 . 7 . . . . 15 17 . . . . 1 Catastrophic 12 | . 2 . . 2 . 1 . . . . 2 4 . . . . 1 Database Lockouts 2 | . . . . 1 . . . . . . 1 . . . . . . Manual 34 | . 14 . . 8 . 5 . . . . 3 3 . . 1 . . Terminals 57 | . 16 . . 14 . 5 . . . . 11 10 . . . . 1 Fabricators 9 | . . . . 2 . . . . . . 3 4 . . . . . Repair Stations 6 | . . . . 3 . 3 . . . . . . . . . . . Recycling Units 8 | . . . . . . . . . . . 3 5 . . . . . Scanalyzers 24 | . . . . 5 . 2 . . . . 5 12 . . . . . Garrison Access 8 | . . . . 1 . . . . . . 3 4 . . . . . Terminal Hacks 78 | . 6 . 25 7 . . . . 26 . 3 3 . . 8 . . Record 34 | . . . 16 1 . . . . 11 . . . . . 6 . . Part Schematic 10 | . 1 . . . . . . . 9 . . . . . . . . Robot Schematic 3 | . . . . . . . . . 3 . . . . . . . . Robot Analysis 13 | . 5 . 8 . . . . . . . . . . . . . . Prototype ID Bank 3 | . . . . . . . . . 3 . . . . . . . . Open Door 3 | . . . 1 . . . . . . . . . . . 2 . . Level Access Points 2 | . . . . 1 . . . . . . 1 . . . . . . Branch Access Points 2 | . . . . 1 . . . . . . . 1 . . . . . Terminal Index 1 | . . . . 1 . . . . . . . . . . . . . Unreport Threat 2 | . . . . . . . . . . . . 2 . . . . . Locate Traps 1 | . . . . . . . . . . . 1 . . . . . . Maintenance Status 1 | . . . . 1 . . . . . . . . . . . . . Recall Investigation 1 | . . . . 1 . . . . . . . . . . . . . Zone Layout 2 | . . . . 1 . . . . . . 1 . . . . . . Fabricator Hacks 5 | . . . . 1 . . . . . . 2 2 . . . . . Load Schematic 2 | . . . . . . . . . . . 1 1 . . . . . Build 3 | . . . . 1 . . . . . . 1 1 . . . . . Repair Station Hacks 3 | . . . . 1 . 2 . . . . . . . . . . . Scan Component 2 | . . . . 1 . 1 . . . . . . . . . . . Repair 1 | . . . . . . 1 . . . . . . . . . . . Recycling Unit Hacks 2 | . . . . . . . . . . . 1 1 . . . . . Report Inventory 1 | . . . . . . . . . . . 1 . . . . . . Retrieve Components 1 | . . . . . . . . . . . . 1 . . . . . Scanalyzer 12 | . . . . 1 . . . . . . 2 9 . . . . . Insert Component 4 | . . . . . . . . . . . . 4 . . . . . Analyze 3 | . . . . . . . . . . . . 3 . . . . . Retrieve Study 5 | . . . . 1 . . . . . . 2 2 . . . . . Garrison Access Hacks 3 | . . . . 1 . . . . . . . 2 . . . . . Seal Access 3 | . . . . 1 . . . . . . . 2 . . . . . Unauthorized Hacks 5 | . 1 . . 1 . 1 . . . . 1 1 . . . . . Terminals 4 | . 1 . . 1 . 1 . . . . . 1 . . . . . Assimilate 1 | . 1 . . . . . . . . . . . . . . . . Botnet 3 | . . . . 1 . 1 . . . . . 1 . . . . . Fabricators . | . . . . . . . . . . . . . . . . . . Repair Stations . | . . . . . . . . . . . . . . . . . . Recycling Units 1 | . . . . . . . . . . . 1 . . . . . . Recyclers 1 | . . . . . . . . . . . 1 . . . . . . Scanalyzers . | . . . . . . . . . . . . . . . . . . Garrison Access . | . . . . . . . . . . . . . . . . . . Data Cores Recovered . | . . . . . . . . . . . . . . . . . . Used . | . . . . . . . . . . . . . . . . . . Hacking Detections 36 | . 5 . . 8 . 3 . . . . 9 10 . . . . 1 Full Trace Events 4 | . . . . 2 . . . . . . 1 1 . . . . . Feedback Events . | . . . . . . . . . . . . . . . . . . Feedback Blocked . | . . . . . . . . . . . . . . . . . . Robot Schematics Acquired 3 | . . . . . . . . . 3 . . . . . . . . Robots Built 4 | . . . . 4 . . . . . . . . . . . . . Authchips . | . . . . . . . . . . . . . . . . . . Time 67 | . . . . 67 . . . . . . . . . . . . . Total Robot Build Rating 16 | . . . . 16 . . . . . . . . . . . . . Part Schematics Acquired 13 | . 1 . . . . . . . 9 . . 3 . . . . . Parts Built 1 | . . . . . . . . . . . . 1 . . . . . Authchips . | . . . . . . . . . . . . . . . . . . Time 304 | . . . . . . . . . . . 152 152 . . . . . Total Part Build Rating 5 | . . . . . . . . . . . . 5 . . . . . Part Studies Acquired 4 | . . . . 1 . . . . . . 2 1 . . . . . Parts Repaired 1 | . . . . . . 1 . . . . . . . . . . . Time 38 | . . . . . . 38 . . . . . . . . . . . Parts Recycled . | . . . . . . . . . . . . . . . . . . Recycled Matter . | . . . . . . . . . . . . . . . . . . Retrieved Matter . | . . . . . . . . . . . . . . . . . . Retrieved Components 10 | . . . . . . . . . . . . 10 . . . . . Parts Scanalyzed 4 | . . . . . . . . . . . . 4 . . . . . Part Schematics Acquired 3 | . . . . . . . . . . . . 3 . . . . . Parts Damaged 1 | . . . . . . . . . . . . 1 . . . . . Bothacking | -11 -10 -10 -9 -6 -6 -6 -6 -6 -6 -5 -5 -4 -4 -4 -4 -3 -3 ------------ Run | Yrd Mat Sub Scr Fac Was Fac Low Low Dat Pro Fac Fac Upp Upp War Pro Res Used RIF Installer . | . . . . . . . . . . . . . . . . . . Robots Hacked . | . . . . . . . . . . . . . . . . . . Non-combat . | . . . . . . . . . . . . . . . . . . Combat . | . . . . . . . . . . . . . . . . . . Robot Hacks Applied . | . . . . . . . . . . . . . . . . . . Relay Couplers Released . | . . . . . . . . . . . . . . . . . . Fabnet Peak Effective % . | . . . . . . . . . . . . . . . . . . Robots Rewired 5 | . . . . . . . . . . . . . . . 5 . . Allies Hacked 1 | . . . . . . . . . . . . . . . 1 . . Hacks Repelled . | . . . . . . . . . . . . . . . . . . Allies | -11 -10 -10 -9 -6 -6 -6 -6 -6 -6 -5 -5 -4 -4 -4 -4 -3 -3 -------- Run | Yrd Mat Sub Scr Fac Was Fac Low Low Dat Pro Fac Fac Upp Upp War Pro Res Total Allies 11 | . 1 . . 4 1 . . . . . . . . . 5 . . Largest Group 5 | . 1 . . 4 1 . . . . . . . . . 5 . . Highest-Rated Group 274 | . 10 . . 48 31 . . . . . . . . . 274 . . Highest-Rated Ally 64 | . 10 . . 12 31 . . . . . . . . . 64 . . Total Orders . | . . . . . . . . . . . . . . . . . . Ally Attacks 56 | . . . . 31 15 . . . . . . . . . 10 . . Total Damage 742 | . . . . 179 230 . . . . . . . . . 333 . . Kills . | . . . . . . . . . . . . . . . . . . Allies Corrupted . | . . . . . . . . . . . . . . . . . . Allies Melted 4 | . . . . . . . . . . . . . . . 4 . . Intel | -11 -10 -10 -9 -6 -6 -6 -6 -6 -6 -5 -5 -4 -4 -4 -4 -3 -3 ------- Run | Yrd Mat Sub Scr Fac Was Fac Low Low Dat Pro Fac Fac Upp Upp War Pro Res Active Infowar (turns) 5610 | 4 898 14 . 800 . 122 86 . . 44 500 333 534 296 1252 341 386 Sensors 4683 | . . . . 800 . 122 86 . . 44 500 322 534 296 1252 341 386 Terrain 383 | . . . . . . . . . . . 193 190 . . . . . Seismic 916 | 4 898 14 . . . . . . . . . . . . . . . Robot Analysis Total 13 | . 5 . 8 . . . . . . . . . . . . . . Derelict Logs Recovered 4 | . . . . . . . 1 . . 2 . . . 1 . . . Drone Launches . | . . . . . . . . . . . . . . . . . . Drone Recoveries . | . . . . . . . . . . . . . . . . . . Exploration | -11 -10 -10 -9 -6 -6 -6 -6 -6 -6 -5 -5 -4 -4 -4 -4 -3 -3 ------------- Run | Yrd Mat Sub Scr Fac Was Fac Low Low Dat Pro Fac Fac Upp Upp War Pro Res Turns Passed 13598 | 69 898 367 2907 1219 109 945 268 141 109 675 1615 1388 534 296 1252 341 465 Spaces Moved 8883 | 25 501 253 1660 824 97 592 188 120 97 485 1024 723 390 262 996 290 356 Core 39 | . . . . . . . . . . . . . . . . . 39 Treads . | . . . . . . . . . . . . . . . . . . Legs 8677 | 25 501 253 1660 824 97 592 188 120 97 485 1024 723 390 262 996 290 150 Wheels . | . . . . . . . . . . . . . . . . . . Hover . | . . . . . . . . . . . . . . . . . . Flight 167 | . . . . . . . . . . . . . . . . . 167 Fastest Speed 25 | 120 120 120 120 113 113 113 113 113 113 113 106 105 105 110 108 105 25 Average Speed 125 | 120 121 125 173 125 113 116 113 113 113 116 129 107 109 110 108 107 63 Slowest Speed 234 | 120 190 190 210 135 113 226 113 113 113 186 234 212 110 110 110 108 200 Overloaded Moves 38 | . . . . . . 13 . . . . 17 8 . . . . . Propulsion Burnouts . | . . . . . . . . . . . . . . . . . . Robots Hopped . | . . . . . . . . . . . . . . . . . . Potential Cave-ins 2 | . . . . . . . . . . . . . . . . . 2 Cave-ins Triggered . | . . . . . . . . . . . . . . . . . . Exploration Rate (%) 45 | 3 81 21 94 22 69 17 37 31 75 63 35 19 59 53 90 51 7 Regions Visited 17 Branch Regions 10 Pre-discovered Areas 2 | . . . . . . . . . 1 . . . . 1 . . . Known Exits Taken 9 | . . . 1 . . 1 . . . 1 1 1 1 1 1 1 . Unknown Exits Taken 6 | 1 1 1 . . . . 1 1 1 . . . . . . . . Scrap Searched 14 | . . . 6 . . . 4 2 . 1 . . . 1 . . . Spaces Dug 92 | . 1 . . 9 . 12 3 2 . 19 28 4 2 2 1 3 6 Terrain Destroyed 167 | . 1 . . 9 . 12 3 2 . 38 29 17 2 2 38 3 11 Melee 55 | . . . . 9 . 12 3 2 . . 16 4 2 2 1 3 1 Projectile 25 | . 1 . . . . . . . . . 13 . . . 1 . 10 AOE 87 | . . . . . . . . . . 38 . 13 . . 36 . . Terrain Rammed . | . . . . . . . . . . . . . . . . . . Walls Destroyed . | . . . . . . . . . . . . . . . . . . Machines Disabled . | . . . . . . . . . . . . . . . . . . Actions | -11 -10 -10 -9 -6 -6 -6 -6 -6 -6 -5 -5 -4 -4 -4 -4 -3 -3 --------- Run | Yrd Mat Sub Scr Fac Was Fac Low Low Dat Pro Fac Fac Upp Upp War Pro Res Total 10542 | 56 666 279 1699 949 96 768 222 122 96 554 1200 1119 457 265 1156 312 526 Wait 627 | 21 54 . . 9 . 84 13 . . 16 39 202 31 . 89 7 62 Move 8867 | 24 500 252 1659 824 96 591 187 119 96 484 1023 722 389 261 995 289 356 Hop . | . . . . . . . . . . . . . . . . . . Pick Up 127 | 1 15 4 17 22 . 7 1 . . 5 13 15 2 1 13 1 10 Fast Attach 50 | 1 1 . . 8 . 3 . . . 3 7 4 2 . 2 . 19 Attach 73 | . . 5 1 6 . . 3 1 . 7 5 14 2 . 7 7 15 Detach 18 | . . . . 3 . 1 . . . 1 4 . 2 . 3 3 1 Swap 106 | . 8 6 8 11 . 9 4 . . 8 13 28 1 . 8 . 2 Drop 136 | 4 13 1 14 21 . 13 . . . 3 23 20 1 . 12 . 11 Fire 153 | 5 74 11 . . . . . . . 2 14 1 . . 7 . 39 Melee 359 | . . . . 45 . 55 14 2 . 24 59 113 27 3 1 5 11 Ram . | . . . . . . . . . . . . . . . . . . Kick 2 | . 1 . . . . . . . . . . . . . 1 . . Crush . | . . . . . . . . . . . . . . . . . . Escape Stasis 5 | . . . . . . 5 . . . . . . . . . . . Rewire 18 | . . . . . . . . . . . . . . . 18 . . Trap . | . . . . . . . . . . . . . . . . . . Miscellaneous 1 | . . . . . . . . . . 1 . . . . . . . Route ------- -11/Scrapyard -10/Materials (discovered 4 exits: [*Mat x3] / [*Sub]) -10/Subcaves (discovered 2 exits: *Scr x2) -9/Scraptown (discovered 2 exits: *Fac x2) -6/Factory (discovered 6 exits: Fac x4 / Low x2) -6/Waste -6/Factory -6/Lower Caves -6/Lower Caves -6/Data Miner -5/Proximity Caves -5/Factory (discovered 4 exits: *Fac x4) -4/Factory (discovered 2 exits: *Upp x2) -4/Upper Caves -4/Upper Caves -4/Warlord -3/Proximity Caves -3/Research History --------- Turn | Location | Event 12 | -11/Scrapyard | Discovered new exit (range 3) 70 | -11/Scrapyard | Entered Materials 71 | -10/Materials | Met a group of wandering Federalists 207 | -10/Materials | Discovered new exit (range 12) 273 | -10/Materials | Discovered new exit (range 4) 315 | -10/Materials | Build established: Mutant 661 | -10/Materials | Discovered new exit (range 15) 959 | -10/Materials | Discovered new exit (range 9) 968 | -10/Materials | Entered Subcaves 969 | -10/Subcaves | Continued accompanying wandering Federalists (4) 969 | -10/Subcaves | Approached by a straggling Scientist 1001 | -10/Subcaves | Core integrity fell below 50% 1021 | -10/Subcaves | Shifting Twisted Machinery released Sub. Machine Gun 1028 | -10/Subcaves | Shifting Twisted Machinery released Mak. Hammer 1094 | -10/Subcaves | Lost 6 parts (1p2n1u2w) 1106 | -10/Subcaves | Build established: Scavenger-Mutant 1325 | -10/Subcaves | Scientist uncovered a shortcut to Scraptown 1335 | -10/Subcaves | Entered Scraptown 1705 | -9/Scraptown | Discovered new exit (range 4) 1781 | -9/Scraptown | Build established: Mutant 1855 | -9/Scraptown | Visited Fellowship of the Rings 1921 | -9/Scraptown | Visited Cave Peace 1974 | -9/Scraptown | Visited Comm Corps 2048 | -9/Scraptown | Visited Red Mages 2544 | -9/Scraptown | Visited TADAMA 2637 | -9/Scraptown | Visited Awakened 2690 | -9/Scraptown | Visited UFD Registry 2690 | -9/Scraptown | Registered with UFD as "Railranger" 2737 | -9/Scraptown | Visited Abandonware Association 2762 | -9/Scraptown | Learned abandonware demo "REVENGE.EXE" 2880 | -9/Scraptown | Visited Research Penetration Think Tank 2931 | -9/Scraptown | Visited Derelict Rescue Squad 2944 | -9/Scraptown | Found DRS Beacon 3013 | -9/Scraptown | Visited Sword Containment 3192 | -9/Scraptown | Discovered new exit (range 3) 3251 | -9/Scraptown | Visited Infowarlord's Domain 3268 | -9/Scraptown | Found Exp. Sensor Array 3297 | -9/Scraptown | Visited Scrap Suit Storage 3354 | -9/Scraptown | Visited Supply Room 3572 | -9/Scraptown | Visited Analyses Database 3605 | -9/Scraptown | Visited Scrapoid Research Area 3827 | -9/Scraptown | Visited Symbiants 3960 | -9/Scraptown | Visited DA-N13 Charitable Foundation 3974 | -9/Scraptown | Found DCF Scrap (27 items) 4128 | -9/Scraptown | Met Optimus 4128 | -9/Scraptown | Accepted into 0bPrime 4240 | -9/Scraptown | Identified exit to Factory 4242 | -9/Scraptown | Entered Factory 4242 | -6/Factory | Evolved 8 slots: Power x1, Propulsion x3, Utility x3, Weapon x1 4395 | -6/Factory | Central database locked down 4569 | -6/Factory | Build established: Derelict-Mutant 4588 | -6/Factory | Garrison activated, responded to threat 5227 | -6/Factory | Identified exit to Factory 5236 | -6/Factory | Fabricated S-27 Virus? 5329 | -6/Factory | Identified exit to Lower Caves 5335 | -6/Factory | Lost 3 allies 5461 | -6/Factory | Sucked down chute 5461 | -6/Factory | Entered Waste 5462 | -6/Waste | Met a frightened Derelict 5472 | -6/Waste | Spotted C-40 Crusher 5476 | -6/Waste | EMP discharged 5476 | -6/Waste | System corruption reached 10% 5494 | -6/Waste | Spotted C-40 Crusher 5506 | -6/Waste | Spotted C-40 Crusher 5515 | -6/Waste | Spotted C-40 Crusher 5516 | -6/Waste | Spotted C-40 Crusher 5528 | -6/Waste | Spotted C-40 Crusher 5560 | -6/Waste | Discovered new exit (range 10) 5570 | -6/Waste | Entered Factory 5577 | -6/Factory | Build established: Gladiator 5634 | -6/Factory | Repaired Hrd. Medium Armor Plating 6501 | -6/Factory | Discovered exit to Lower Caves (range 10) 6515 | -6/Factory | Entered Lower Caves 6709 | -6/Lower Caves | Attracted the attention of an 0b10 checkpoint 6762 | -6/Lower Caves | Discovered new exit (range 14) 6765 | -6/Lower Caves | Learned Factory stockpile data 6783 | -6/Lower Caves | Entered another Lower Caves area 6912 | -6/Lower Caves | Discovered new exit (range 10) 6924 | -6/Lower Caves | Entered Data Miner 6924 | -6/Data Miner | Discovered new exit (range 6) 6948 | -6/Data Miner | Met Data Miner 6974 | -6/Data Miner | Learned location of Section 7 (-3) 6974 | -6/Data Miner | Acquired the access code to Warlord's prototype stash 6992 | -6/Data Miner | Received God Mode back door access code from Data Miner 7033 | -6/Data Miner | Entered Proximity Caves 7054 | -5/Proximity Caves | Core integrity fell below 50% 7068 | -5/Proximity Caves | Attracted the attention of an 0b10 checkpoint 7073 | -5/Proximity Caves | Activated DRS Beacon 7075 | -5/Proximity Caves | Destroyed 7 combat bots 7085 | -5/Proximity Caves | Lost 5 parts (2p3u) 7453 | -5/Proximity Caves | Learned 8 Factory zone layouts 7517 | -5/Proximity Caves | Build established: Scavenger-Gladiator 7523 | -5/Proximity Caves | Learned location of 1 exit from Factory 7674 | -5/Proximity Caves | Discovered exit to Factory (range 6) 7708 | -5/Proximity Caves | Entered Factory 7708 | -5/Factory | Evolved 2 slots: Utility x2 7709 | -5/Factory | Identified exit to Factory 7715 | -5/Factory | Murdered 3 allies 8141 | -5/Factory | Central database locked down 8390 | -5/Factory | Build established: Gladiator 8663 | -5/Factory | Spotted B-75 Beast 9323 | -5/Factory | Entered another Factory area 9323 | -4/Factory | Evolved 2 slots: Propulsion x1, Utility x1 9623 | -4/Factory | Found Imp. Powered Armor 9625 | -4/Factory | Found Imp. Powered Armor 9806 | -4/Factory | Identified exit to Upper Caves 9969 | -4/Factory | Fabricated Lgt. Regenerative Plating (x1) 10298 | -4/Factory | Build established: Scavenger-Gladiator 10603 | -4/Factory | Lost 3 parts (1p1n1u) 10711 | -4/Factory | Entered Upper Caves 10800 | -4/Upper Caves | Lost 3 parts (3n) 10979 | -4/Upper Caves | Encountered a Warlord checkpoint 11000 | -4/Upper Caves | Build established: Scavenger-Mutant 11198 | -4/Upper Caves | Discovered new exit (range 9) 11244 | -4/Upper Caves | Identified exit to Upper Caves 11245 | -4/Upper Caves | Entered another Upper Caves area 11500 | -4/Upper Caves | Discovered new exit (range 8) 11507 | -4/Upper Caves | Identified exit to Warlord 11541 | -4/Upper Caves | Entered Warlord 11596 | -4/Warlord | Discovered new exit (range 8) 11603 | -4/Warlord | Identified exit to Proximity Caves 11670 | -4/Warlord | System corruption cleaned by Quarantine Array 12069 | -4/Warlord | Opened Warlord's prototype stash 12073 | -4/Warlord | Found Prototype Device 12073 | -4/Warlord | Identified Thermal Barrier 12081 | -4/Warlord | Found Prototype Reactor 12081 | -4/Warlord | Identified Vortex Chain Reactor 12097 | -4/Warlord | Warlord's base attacked by MAIN.C 12102 | -4/Warlord | Found Prototype Hackware 12275 | -4/Warlord | Rebuked by Warlord 12372 | -4/Warlord | Build established: Commander-Mutant 12417 | -4/Warlord | Found Prototype Energy Cannon 12419 | -4/Warlord | Found Prototype Energy Cannon 12447 | -4/Warlord | Warlord forces counterattacked 12541 | -4/Warlord | Opened side exit 12731 | -4/Warlord | Spotted Striker 12740 | -4/Warlord | Spotted Striker 12740 | -4/Warlord | Spotted Striker 12749 | -4/Warlord | Identified Vortex Cannon (x2) 12762 | -4/Warlord | Core integrity fell below 50% 12763 | -4/Warlord | Lost 3 allies 12772 | -4/Warlord | Warlord base infiltrated, sounded retreat 12793 | -4/Warlord | Entered Proximity Caves 12824 | -3/Proximity Caves | Lost 7 parts (2n4u1w) 12915 | -3/Proximity Caves | Build established: Scavenger-Mutant 13095 | -3/Proximity Caves | Spotted B-86 Titan 13121 | -3/Proximity Caves | Discovered new exit (range 12) 13132 | -3/Proximity Caves | Lost 3 parts (1n1u1w) 13133 | -3/Proximity Caves | Identified exit to Research 13134 | -3/Proximity Caves | Entered Research 13134 | -3/Research | Evolved 2 slots: Utility x1, Weapon x1 13136 | -3/Research | Identified System Mapper 13431 | -3/Research | Core integrity fell below 50% 13464 | -3/Research | Lost 17 parts (2p8n4u3w) 13542 | -3/Research | Spotted B-86 Titan 13592 | -3/Research | Spotted B-86 Titan 13593 | -3/Research | Core integrity fell below 20% 13599 | -3/Research | Destroyed by B-86 Titan with Railgun Last Messages --------------- 13581_ R-10 Processor collects Lgt. Antimatter Reactor. 13582_ Adv. Targeting Computer destroyed. 13582_ Quantum Rifle destroyed. 13585_ R-10 Processor collects Lgt. Antimatter Reactor. 13586_ Linear Accelerator severed. 13592_ Exp. Sensor Array destroyed. 13593_ ALERT: Potential suspicious activity detected, Programmers report to Research Zone 8N. 13594_ Knocked back. 13595_ Acquired 7 matter. 13595_ Core Analyzer severed. 13596_ C-35 Carver destroyed. 13597_ Acquired Smartbomb Launcher. 13598_ Adv. Terrain Scan Processor severed. 13599_ B-86 Titan activates siege mode. 13599_ Imp. Targeting Computer destroyed. 13599_ Penetrated by Slug. Map ----- +----------------------------------------------------+ | ?????????????????????????????????????????????????? | | ?????????????????????????????????????????????????? | | ?????????????????????????????????????????????????? | | ?????????????????????????????????????????????##### | | ?????????????????????????????????????????????# | | ?????????????????????????????????????????????# | | ?????????????????????????????????????????????# | | ?????????????????????????????????????????????# | | ?????????????????????????????????????????????# | | ????????????????????????????????????????????## | | ?????????????????????????????????????????????/ | | ?????????????????????????????????????????????# | | ?????????????????????????????????????????????# | | ???????????????????####?####?????????????????# | | ?????????????????? ? ???????????###????? | | ??????????????????? ???#########"########+ | | ????????????????????? ** ??# ] !=! | | ?????????????????????? ** ??# | | ??????????????????????? ??# % | | ????????????????????????? ??# | | ?????????????????????????? ??# ######+####### | | ??????????????????????????? ### #????????????? | | ???????????#########+########;## #????????????? | | ?????????? % * #????????????? | | ?????????? ]%= #????????????? | | ?????????? /!@ c +????????????? | | ?????????? c #????????????? | | ??????????# ### ########????????????? | | ?????????????????# #???????????????????? | | ?????????????????# #???????????????????? | | ?????????????????# #???????????????????? | | ?????????????????# #???????????????????? | | ?????????????????# #???????????????????? | | ?????????????????# #???????????????????? | | ?????????????????#### BB##???????????????????? | | ???????????????????? #BB#????????????????????? | | ??????????????????? ####????????????????????? | | ?????????????????? """ ???????????########?????? | | ?????????????????? """" ???????????#= ! #?????# | | ??????????????????????" ???????????# ####### | | ??????????????????????? ???????????# + | | ??????????????????????? ???????????# ####### | | ???????????????????????? ???????????# #?# | | ????????????????????????????????????# ! #?# | | ????????????????????????????????????########?# | | ?????????????????????????????????????????????#[ | | ?????????????????????????????????????????????# | | ?????????????????????????????????????????????# [ | | ?????????????????????????????????????????????# | | ?????????????????????????????????????????????##### | +----------------------------------------------------+ Best States ------------- Heat Dissipation 77 Coolant Potential 80 Energy Generation 55 Energy Capacity 700 Matter Stores 300 Matter Capacity 800 Sight Range 16 Robot Scan Range 20 Terrain Scan Range 20 Terrain Scan Density 210 Armor Coverage 950 Resistance: TH 50 Melee Speed Boost 20 Phase Shifting 5 Evasion (%) 72 Targeting Accuracy 14 Melee Accuracy 16 Core Analysis 6 Force Boost 20 Offensive Hacking 20 Defensive Hacking 12 Item Schematics ----------------- Hcp. Storage Unit | -10/Materials | Hacked Combat Drone Bay | -6/Data Miner | Free Lgt. Regenerative Plating | -6/Data Miner | Free Enh. Armored Leg | -6/Data Miner | Free Adv. EM Disruption Field | -6/Data Miner | Free Thunder Hammer | -6/Data Miner | Free Field Propulsion Array | -6/Data Miner | Free Imp. System Guard | -6/Data Miner | Free Phase Gun | -6/Data Miner | Free Quantum Capacitor | -6/Data Miner | Free Imp. Actuator Array | -4/Factory | Scanalyzed Flexi-carbon Leg | -4/Factory | Scanalyzed Lyr. Heavy Armor Plating | -4/Factory | Scanalyzed Robot Schematics ------------------ Y-54 Guardian | -6/Data Miner | Free B-48 Gladiator | -6/Data Miner | Free D-63 Destroyer | -6/Data Miner | Free Fabricated ------------ S-27 Virus | x4 | -6/Factory | Preloaded Lgt. Regenerative Plating | x1 | -4/Factory Repaired ---------- Hrd. Medium Armor Plating | 14% | -6/Factory Studied --------- Coil Gun | -6/Factory | Hacked Flexi-carbon Leg | -5/Factory | Hacked Mic. Fission Core | -5/Factory | Hacked Greatsword | -4/Factory | Hacked Alien Tech Used ----------------- None Achievements -------------- Ambidextrous Martial Artist Melee Specialist Nice Directions, Buddy Physics Protects Strength In Numbers Challenges ------------ None Game ------ Seed StasisVoltaicRouter Manual? 0 Play Time 03:13:55 Cumulative 74.7 hours Start 2025.11.02 @ 21:36:04 End 2025.11.03 @ 01:29:27 Sessions 1 Manual Loads 0 Difficulty Rogue Special Mode None Game No. 43 Rogue 43 Adventurer 0 Explorer 0 Win Type - Total 2 Types 2/0/0/0/0/0/0/0/0/0 Lore% 43 Gallery% 50 Achievement% 33 Wizard Run 0 Options --------- Layout 1 ASCII 0 Keyboard 0 Movement Mouse Keybinds 0 Fullscreen 1 Font 24/Smallcaps Map View 50x35 Zoom Use 0% Tactical HUD 1 Map Filters NONE Filters NONE Steam 1 RUN: 76667c19-0b01-42d1-92f1-179e1ab80a6d